 Dungeon Crawl Stone Soup version 0.27-a0-972-gd1521fd518 (webtiles) character file.

Game seed: 11186640289478592338

170 Morbidden the Insei (level 5, 0/35 HPs)
             Began as an Octopode Transmuter on Apr 13, 2021.
             Was an Initiate of Wu Jian.
             Succumbed to a scorpion's poison
             ... on level 5 of the Dungeon.
             The game lasted 00:07:11 (3668 turns).

Morbidden the Insei (Octopode Transmuter)           Turns: 3668, Time: 00:07:12

Health: 0/35       AC:  1    Str:  9    XL:     5   Next: 50%
Magic:  9/9        EV: 13    Int: 17    God:    Wu Jian [......]
Gold:   196        SH:  0    Dex: 12    Spells: 8/9 levels left

rFire    . . .     SeeInvis .     - Unarmed
rCold    . . .     Faith    .   (no shield)
rNeg     . . .     Spirit   .   (helmet restricted)
rPois    .         Reflect  .   j - amulet of regeneration
rElec    .         Harm     .   (no ring)
rCorr    .         Rampage  .   (no ring)
Will     .....                  (no ring)
Stlth    +++.......             (no ring)
HPRegen  1.11/turn              (no ring)
MPRegen  0.11/turn              (no ring)
                                (no ring)
                                (no ring)

@: lethally poisoned (0 -> -2)
A: almost no armour, amphibious, 8 rings, camouflage 1, gelatinous body 1,
(nimble swimmer 1), tentacles
a: Renounce Religion


You were on level 5 of the Dungeon.
You worshipped Wu Jian.
Wu Jian was noncommittal.
You visited 2 branches of the dungeon, and saw 6 of its levels.

You collected 196 gold pieces.

Inventory:

Missiles
 n - 2 poisoned darts (quivered)
 p - 3 boomerangs of dispersal
Jewellery
 j - an amulet of regeneration (around mantle)
Scrolls
 a - 2 scrolls of identify
 c - 2 scrolls of noise {unknown}
 d - a scroll of vulnerability {unknown}
 f - a scroll of amnesia {unknown}
 g - 4 scrolls of teleportation {unknown}
 i - a scroll of magic mapping
 o - a scroll of enchant armour {unknown}
Potions
 b - 2 potions of ambrosia {unknown}
 e - 2 potions of flight {unknown}
 h - a potion of cancellation {unknown}
 k - a potion of lignification {unknown}
 l - a potion of haste {unknown}
 m - 3 potions of brilliance {unknown}


   Skills:
 * Level 2.4 Fighting
 + Level 2.3 Dodging
 + Level 2.4 Stealth
 + Level 4.0 Unarmed Combat
 * Level 2.6 Spellcasting
 * Level 2.6 Transmutations


You had 8 spell levels left.
You knew the following spells:

 Your Spells              Type           Power      Damage    Failure   Level
a - Beastly Appendage     Tmut           22%        N/A       6%          1

Your spell library contained the following spells:

 Spells                   Type           Power      Damage    Failure   Level
 Wereblood                Tmut           11%        N/A       9%          2
 Animate Skeleton         Necr           4%         N/A       19%         1
 Apportation              Tloc           4%         N/A       19%         1
 Corona                   Hex            2%         N/A       19%         1
 Summon Small Mammal      Summ           8%         N/A       19%         1
 Spider Form              Tmut/Pois      3%         N/A       30%         3
 Ice Form                 Ice/Tmut       6%         N/A       71%         4
 Hydra Form               Tmut           5%         N/A       86%         5


Dungeon Overview and Level Annotations

Branches:
Dungeon (5/15)             Temple (1/1) D:4

Altars:
Ashenzari
Cheibriados
Dithmenos
Elyvilon
Fedhas
Gozag
Hepliaklqana
Makhleb
Nemelex Xobeh
Okawaru
Qazlal
Ru
Sif Muna
Uskayaw
Vehumet
Wu Jian
Xom
Zin
The Shining One

Shops:
D:1 *


Innate Abilities, Weirdness & Mutations

You cannot wear most types of armour.
You are amphibious.
You can wear up to eight rings at the same time.
Your skin changes colour to match your surroundings (Stealth+).
Your rubbery body absorbs attacks. (AC +1, EV +1)
((You are camouflaged near water. (Stealth+)))
You have tentacles for arms and can constrict up to eight enemies at once.


Message History

You constrict the scorpion, but do no damage.
You feel sick. The scorpion closely misses you.
You tentacle-slap the scorpion.
The scorpion is moderately wounded.
You constrict the scorpion, but do no damage.
You feel sick. The scorpion completely misses you.
The scorpion closely misses you.
You tentacle-slap the scorpion but do no damage.
The scorpion is moderately wounded.
You constrict the scorpion.
You feel sick. The scorpion stings you.
You tentacle-slap the scorpion but do no damage.
You squeeze the scorpion, but do no damage.
The scorpion is moderately wounded.
You constrict the scorpion, but do no damage.
The scorpion stings you!
You are more poisoned.
The scorpion poisons you!
Unknown command.
You release your grip on the scorpion.
You feel very sick.
You feel very sick.
You feel very sick.
You feel sick.
You feel sick. The scorpion barely misses you.
You feel sick.
You feel sick.
You feel sick.
You feel sick.
You feel sick.
You are no longer poisoned.
The scorpion barely misses you. The scorpion stings you!
* * * LOW HITPOINT WARNING * * *
You are lethally poisoned!
The scorpion poisons you!
* * * LOW HITPOINT WARNING * * *
You feel very sick.
* * * LOW HITPOINT WARNING * * *
You feel very sick.
You die...

##....############
##................###
.......##########...#### ####
.##....# ##########....# #..#
.##....# #.........###.####.##
.......# #.........#........###
##.##### #..................[.#
##.#######............###)..###
..............s.@...#.....###
...#######............#####
##.######..###....#####
##........###...#.#
..........#.....#.#
.####..##.#.#...#.# #
##.##......##.# #######
#......##.##.# #......
.#...####.##.# #......


You could see a scorpion.

Vanquished Creatures
  An iguana (D:4)
  A hound skeleton (D:4)
  A howler monkey zombie (D:5)
  3 adders
  A gnoll (D:1)
  A white imp (D:5)
  A worm (D:4)
  A dart slug (D:2)
  An orc (D:3)
  3 bats
  3 endoplasms
  3 giant cockroaches
  6 goblins
  2 hobgoblins
  10 jackals
  5 quokkas
  4 ball pythons
  5 frilled lizards
  11 kobolds
  15 rats
78 creatures vanquished.

Notes
Turn   | Place    | Note
-------+----------+-------------------------------------------
     0 | D:1      | Morbidden the Octopode Transmuter began the quest for the
                  | Orb.
     0 | D:1      | Reached XP level 1. HP: 13/13 MP: 3/3
    21 | D:1      | Reached XP level 2. HP: 18/18 MP: 3/5
   495 | D:1      | Found Dycal's General Store.
   740 | D:1      | Reached XP level 3. HP: 23/23 MP: 6/6
  1036 | D:1      | Found a faded altar of an unknown god.
  1144 | D:1      | Reached skill level 1 in Stealth
  2185 | D:3      | Reached XP level 4. HP: 29/29 MP: 7/7
  2910 | D:4      | HP: 1/29 [iguana (10)]
  2942 | D:4      | Reached XP level 5. HP: 20/34 MP: 8/8
  3093 | D:4      | Found a staircase to the Ecumenical Temple.
  3124 | Temple   | Entered the Ecumenical Temple
  3343 | Temple   | Became a worshipper of the Wu Jian Council
  3374 | D:4      | Noticed an ogre
  3426 | D:5      | Entered Level 5 of the Dungeon
  3494 | D:5      | Found a glowing silver altar of Zin.
  3501 | D:5      | Reached skill level 4 in Unarmed Combat
  3667 | D:5      | HP: 1/35 [poisoned by a scorpion]
  3668 | D:5      | Succumbed to a scorpion's poison

Illustrated notes

Levels and vault maps discovered:
D:1:      minmay_arrival_semitransparent, layout_basic, serial_shops,
          nicolae_shop_waterfront, shapermc_ecumenical_altar_starsandcircs,
          minmay_misc_feat_diagonals, hex_large, minmay_rat_gold_closets
D:2:      layout_loops_ring, chequers_arboretum, minmay_diced_spiral
D:3:      layout_loops_cross
D:4:      layout_basic, minmay_temple_entry_mini_moons,
          small_statue_intersection, roderic_serpentine_path
D:5:      layout_rooms, lemuel_coloured_pillars_altar
Temple:   eino_narrow_crystal_temple

Skill      XL: |  1  2  3  4  5 |
---------------+----------------+-----
Stealth        | 1 2 |  2.4
Fighting       | 2 |  2.4
Unarmed Combat | 4 |  4.0
Dodging        | |  2.3
Spellcasting   | |  2.6
Transmutations | |  2.6

Action                   |  1- 3 |  4- 6 || total
-------------------------+-------+-------++-------
Melee: Unarmed           |   101 |    97 ||   198
       Tentacles         |    16 |    21 ||    37
       Kick              |     2 |       ||     2
       Constrict         |    28 |    22 ||    50
       Punch             |     1 |     2 ||     3
 Cast: Beastly Appendage |     1 |       ||     1
Invok: Lunge             |       |     2 ||     2
  Use: Scroll            |     1 |       ||     1
 Stab: Sleeping          |    16 |     8 ||    24
Armor: Skin              |     8 |     4 ||    12
Dodge: Dodged            |    47 |    38 ||    85

Table legend: (Time is in decaauts)
 A = Elapsed time spent in this place.
 B = Non-inter-level travel time spent in this place.
 C = Inter-level travel time spent in this place.
 D = Time resting spent in this place.
 E = Time spent auto-exploring this place.
 F = Levels seen in this place.
 G = Mean time per level.
                   A        B        C        D        E       F      G
               +--------+--------+--------+--------+--------+-----+--------+
         Total |   3654 |   3536 |    118 |      0 |   2924 |   6 |  609.0 |
       Dungeon |   3428 |   3353 |     75 |      0 |   2746 |   5 |  685.6 |
        Temple |    225 |    182 |     43 |      0 |    178 |   1 |  225.0 |
               +--------+--------+--------+--------+--------+-----+--------+

Top non-repeatable levels by time:
     D:1: 1488 daAuts
     D:2: 682 daAuts
     D:3: 677 daAuts
     D:4: 339 daAuts
     D:5: 240 daAuts
  Temple: 225 daAuts
